 Dungeon Sprint DCSS version 0.23.2-33-g5129a83184 (webtiles) character file.

Game seed: 12125436030796033408

64544 Atelerd the Tortoise (level 15, -2/144 HPs)
             Began as a Tengu Conjurer on July 22, 2019.
             Was a High Priest of Makhleb.
             Killed from afar by a balrug (13 damage)
             ... with a fireball
             ... in the Dungeon (Sprint V: "Ziggurat Sprint").
             The game lasted 00:22:06 (1672 turns).

Atelerd the Tortoise (Tengu Conjurer)               Turns: 1672, Time: 00:22:06

Health: -2/144     AC: 40    Str: 27    XL:     15   Next: 13%
Magic:  32/32      EV:  3    Int: 15    God:    Makhleb [*****.]
Gold:   0          SH: 33    Dex: 17    Spells: 25/39 levels left

rFire    . . .     SeeInvis +   E - +14 obsidian axe {chop, +Fly SInv *Curse} (curse)
rCold    + + +     Gourm    .   G - +18 shield of the Gong {rElec rN+ MR+ EV-5}
rNeg     + . .     Faith    .   x - +8 orange crystal plate armour {Archmagi, Int+3 Clar}
rPois    .         Spirit   .   (helmet restricted)
rElec    +         Reflect  .   a - +2 cloak {+Inv}
rCorr    .         Harm     .   V - +0 pair of gloves {Str+3}
MR       ++...     Clarity  +   (boots unavailable) Stlth ..........NoTele +
                                N - amulet "Vec Ufia" {*Drain +Rage rElec rC+++ Int-5}
HPRegen  0.34/turn              z - +6 ring of strength
MPRegen  0.23/turn              Q - ring "Merch" {rC+ Str+2 Int+4 SInv}

@: berserking, mesmerised, slightly contaminated, studying 3 skills, invisible,
very quick
A: beak, talons 3, blurry vision 1, dopey 2, frail 1, able to fly
a: Fly, Minor Destruction, Lesser Servant of Makhleb, Major Destruction, Greater
Servant of Makhleb, Renounce Religion, Evoke Berserk Rage, Evoke Flight


You were in the Dungeon.
You worshipped Makhleb.
Makhleb was extremely pleased with you.
You were not hungry.

You visited 1 branch

Inventory:

Hand Weapons
 E - the cursed +14 obsidian axe (weapon) {chop, +Fly SInv *Curse}
   (You found it in the Dungeon)

   It inflicts extra damage upon your enemies.
   It lets you see invisible.
   It lets you fly.
   It curses itself when equipped.
   It has a curse placed upon it.
Armour
 a - a +2 cloak of invisibility (worn)
 x - the +8 orange crystal plate armour (worn) {Archmagi, Int+3 Clar}
   (You found it in the Dungeon)

   It affects your intelligence (+3).
   It protects you against confusion.
 G - the +18 shield of the Gong (worn) {rElec rN+ MR+ EV-5}
   (You found it in the Dungeon)

   It affects your evasion (-5).
   It insulates you from electricity.
   It protects you from negative energy.
   It affects your resistance to hostile enchantments.
 V - a +0 pair of gloves of strength (worn)
Jewellery
 v - the ring "Qyuzi" {+Blink rC+}
   (You found it in the Dungeon)

   [ring of protection from cold]

   It protects you from cold.
   It lets you blink.
 w - the ring of Boeceo Buew {*Drain rC++ SInv Stlth+}
   (You found it in the Dungeon)

   [ring of stealth]

   It greatly protects you from cold.
   It lets you see invisible.
   It causes draining when unequipped.
   It makes you more stealthy.
 y - an uncursed ring of wizardry
 z - a +6 ring of strength (left hand)
 A - a +6 ring of strength
 N - the amulet "Vec Ufia" (around neck) {*Drain +Rage rElec rC+++ Int-5}
   (You found it in the Dungeon)

   [amulet of rage]

   It affects your intelligence (-5).
   It renders you almost immune to cold.
   It insulates you from electricity.
   It lets you go berserk.
   It causes draining when unequipped.
 O - an uncursed ring of protection from cold
 P - a +1 ring of protection
 Q - the ring "Merch" (right hand) {rC+ Str+2 Int+4 SInv}
   (You found it in the Dungeon)

   [ring of see invisible]

   It affects your strength (+2).
   It affects your intelligence (+4).
   It protects you from cold.
   It lets you see invisible.
 R - the cursed ring "Wopoolec" {+Blink +Inv rPois Int-4}
   (You found it in the Dungeon)

   [ring of intelligence]

   It affects your intelligence (-4).
   It protects you from poison.
   It lets you turn invisible.
   It lets you blink.
   It has a curse placed upon it.
 S - an uncursed ring of magical power
 X - a +5 ring of intelligence
Wands
 B - a wand of disintegration (7)
 C - a wand of iceblast (5)
 D - a wand of acid (7)
Scrolls
 i - 4 scrolls of blinking
 o - 4 scrolls of amnesia
 p - 7 scrolls of fog
 q - 2 scrolls of holy word
 r - 5 scrolls of identify
 s - 5 scrolls of remove curse
 t - 2 scrolls of fear
 Z - 5 scrolls of brand weapon
Potions
 b - 2 potions of brilliance
 d - 9 potions of curing
 e - 10 potions of heal wounds
 f - 5 potions of haste
 g - 7 potions of magic
 h - 2 potions of berserk rage
 j - 2 potions of invisibility
 k - 4 potions of resistance
 m - 5 potions of agility
 n - 5 potions of might
Books
 I - a manual of Translocations
 T - a manual of Short Blades
 Y - a manual of Stealth
Miscellaneous
 l - a lightning rod (4/4)
 u - a lightning rod (4/4)
 F - 4 phantom mirrors
 H - a phial of floods
 J - a lightning rod (4/4)
 K - a lightning rod (4/4)
 L - a lamp of fire
 M - a lightning rod (4/4)
 U - a lightning rod (4/4)
Comestibles
 c - 5 rations


   Skills:
 + Level 17.2 Fighting
 + Level 15.6 Axes
 * Level 20.5 Armour
 - Level 2.1 Dodging
 - Level 2.0 Stealth
 + Level 14.3 Shields
 + Level 12.7 Spellcasting
 - Level 5.3 Conjurations
 * Level 18.1 Summonings
 * Level 13.9 Invocations
 - Level 11.0 Evocations


You had 25 spell levels left.
You knew the following spells:

 Your Spells              Type           Power        Failure   Level  Hunger
a - Magic Dart            Conj           ####         11%         1    None
b - Summon Hydra          Summ           #######...   43%         7    #######
c - Deflect Missiles      Chrm/Air       ##........   100%        6    ######.

Your spell library contained the following spells:

 Spells                   Type           Power        Failure   Level  Hunger
 Summon Butterflies       Summ           #######.     1%          1    None
 Summon Small Mammal      Summ           ####         1%          1    None
 Call Imp                 Summ           #######.     1%          2    None
 Call Canine Familiar     Summ           #######.     1%          3    None
 Aura of Abjuration       Summ           #######...   1%          5    #####..
 Summon Demon             Summ           #######...   1%          5    #####..
 Recall                   Summ/Tloc      N/A          7%          3    None
 Summon Guardian Golem    Hex/Summ       ######..     7%          3    None
 Shadow Creatures         Summ           N/A          9%          6    ######.
 Searing Ray              Conj           #####.       17%         2    None
 Summon Ice Beast         Ice/Summ       ######..     22%         4    ##.....
 Summon Lightning Spire   Summ/Air       ######..     22%         4    ##.....
 Throw Flame              Conj/Fire      ####..       43%         2    None
 Summon Forest            Summ/Tloc      ######....   54%         5    #####..
 Summon Mana Viper        Hex/Summ       ######..     54%         5    #####..
 Beastly Appendage        Tmut           ##....       67%         1    None
 Corona                   Hex            ##.....      67%         1    None
 Pain                     Necr           ##..         67%         1    None
 Conjure Flame            Conj/Fire      ####....     67%         3    None
 Dazzling Spray           Conj/Hex       ####..       67%         3    None
 Iskenderun's Mystic Bla  Conj           #####...     73%         4    ##.....
 Mephitic Cloud           Conj/Pois/Air  ###.....     80%         3    None
 Blink                    Tloc           N/A          82%         2    None
 Ensorcelled Hibernation  Hex/Ice        ##....       82%         2    None
 Slow                     Hex            ##......     82%         2    None
 Song of Slaying          Chrm           ##......     82%         2    None
 Sticks to Snakes         Tmut           ##......     82%         2    None
 Confuse                  Hex            ##......     96%         3    None
 Gell's Gravitas          Tloc           ##........   96%         3    None
 Ozocubu's Armour         Chrm/Ice       ##......     96%         3    None
 Portal Projectile        Hex/Tloc       ##....       96%         3    None
 Spider Form              Tmut/Pois      ##........   96%         3    None
 Tukima's Dance           Hex            ##......     96%         3    None
 Force Lance              Conj/Tloc      ####....     97%         4    ##.....
 Fulminant Prism          Conj/Hex       ####......   97%         4    ##.....
 Ice Form                 Ice/Tmut       ##......     100%        4    ##.....
 Blade Hands              Tmut           ##........   100%        5    #####..
 Bolt of Draining         Conj/Necr      ####......   100%        5    #####..
 Silence                  Hex/Air        ##........   100%        5    #####..
 Venom Bolt               Conj/Pois      ####......   100%        5    #####..
 Yara's Violent Unravell  Hex/Tmut       ##........   100%        5    #####..
 Dispersal                Tloc           ##........   100%        6    ######.
 Poison Arrow             Conj/Pois      ####......   100%        6    ######.
 Ring of Flames           Chrm/Fire      ##........   100%        7    #######
 Spellforged Servitor     Conj/Summ      ######....   100%        7    #######
 Chain Lightning          Conj/Air       ####......   100%        8    #######
 Controlled Blink         Tloc           N/A          100%        8    #######
 Disjunction              Tloc           ##........   100%        8    #######
 Lehudib's Crystal Spear  Conj/Erth      ####......   100%        8    #######
 Fire Storm               Conj/Fire      ####......   100%        9    #######
 Glaciate                 Conj/Ice       ####......   100%        9    #######


Dungeon Overview and Level Annotations

Branches:
Dungeon (1/1)

Altars:
Ashenzari
Cheibriados
Dithmenos
Elyvilon
Fedhas
Gozag
Hepliaklqana
Kikubaaqudgha
Makhleb
Nemelex Xobeh
Okawaru
Qazlal
Ru
Sif Muna
Trog
Uskayaw
Vehumet
Wu Jian
Xom
Yredelemnul
Zin
The Shining One
Beogh
Jiyva
Lugonu


Innate Abilities, Weirdness & Mutations

You have a beak for a mouth.
You have claws for feet.
You can fly continuously.
Scrolls take you a little longer to read.
You are very dopey. (Int -4)
You are frail. (-10% HP)


Message History

Unknown command.
You hit the fire dragon but do no damage.
You claw the fire dragon, but do no damage.
The fire dragon roars deafeningly!
You peck the fire dragon!
The fire dragon is severely wounded.
You slice the balrug!! x2
Your orange crystal plate armour prevents you from hitting the orb of fire.
You slice the fire vortex!! You slice the fire elemental!!
You destroy the fire elemental!
Makhleb accepts your kill.
You feel better.
Visions of slaying the balrug flood into your mind.
The fire dragon roars deafeningly! x2; The hell hog squeals angrily.
You block the balrug's attack.
BOUMMMMG!
The hell hog is engulfed in blazing flames.
The balrug gestures at you.
The fireball explodes!
The fireball engulfs you!
You die...

▓..)...|)}
.}}:|"[[=::)..▓.........
.}):.)○°}}}|..▓.........
.....:!○..v...▓.........
.v....h.E°.....▓.........
......DDh°○....▓.......).
......h2C2h....▓..▓..))).
.......2†DDE...▓.▓▓▓.).).
......2*@2.....▓..▓..))..
.........v.....▓.........
..▓.....3.▓...▓......©..
. ▓.▓.....▓.▓..▓▓▓▓▓▓▓▓▓▓
...▓.......▓...▓.....8©8.
...............▓..}).)|..
.......©.......▓...|..))|
▓▓▓▓▓▓▓▓▓▓▓▓▓▓▓▓.........
▓.........


You could see an orb of fire, a fire giant, 4 fire dragons, 5 balrugs, 4 hell
hogs, 2 fire elementals, 3 fire vortices and a friendly soul eater.

Vanquished Creatures
  3 deep elf blademasters (D)
  2 shadow dragons (D)
  A stone giant (D)
  4 reapers (D)
  A draconian annihilator (D)
  5 black draconians (D)
  2 deep elf annihilators (D)
  2 red draconians (D)
  6 green draconians (D)
  5 purple draconians (D)
  5 white draconians (D)
  5 yellow draconians (D)
  6 vault guards (D)
  A yaktaur captain (D)
  A hell hog (D)
  A vampire mage (D)
  A deep elf knight (D)
  A sixfirhy (D)
  3 skeletal warriors (D)
  A wretched star (D)
  2 deep elf archers (D)
  A necromancer (D)
  A deep elf mage (D)
  2 rust devils (D)
  An orange demon (D)
  A yaktaur (D)
  7 ice devils (D)
  A jumping spider (D)
  A merfolk (D)
  A hippogriff (D)
  3 tarantellas (D)
  A vampire (D)
  An air elemental (D)
  A fire elemental (D)
  6 shadows (D)
  A hell hound (D)
  3 ice beasts (D)
  2 necrophages (D)
  A bullfrog (shapeshifter) (D)
  A bullfrog (D)
  A scorpion (D)
  A wight (D)
  A small abomination (D)
  4 starcursed masses (D)
  A quasit (D)
  5 iron imps (D)
  2 mummies (D)
  A river rat (D)
  2 shadow imps (D)
  7 adder zombies (D)
  6 adder skeletons (D)
  3 bat skeletons (D)
  3 bat zombies (D)
  A jackal (D)
  A ball python zombie (D)
  A giant cockroach simulacrum (D)
  A giant cockroach zombie (D)
  A leopard gecko skeleton (D)
  A quokka skeleton (D)
  2 quokka zombies (D)
  A fire vortex (D)
140 creatures vanquished.

Vanquished Creatures (collateral kills)
  2 death cobs (D)
  A ghoul (D)
  2 green draconians (D)
  2 purple draconians (D)
  2 white draconians (D)
  A centaur warrior (D)
  2 cyclopes (D)
  An ugly thing (D)
  A yaktaur (D)
  A freezing wraith (D)
  2 jumping spiders (D)
  3 merfolk (D)
  A blink frog (shapeshifter) (D)
  A flying skull (D)
  A ynoxinul (D)
  4 hell hounds (D)
  A swamp drake (shapeshifter) (D)
  4 centaurs (D)
  A bullfrog (D)
  A scorpion (D)
  5 wights (D)
  2 crimson imps (D)
  A starcursed mass (D)
  3 iron imps (D)
  2 shadow imps (D)
  An ufetubus (D)
  An adder zombie (D)
  An adder skeleton (D)
  A fire vortex (D)
51 creatures vanquished.

Vanquished Creatures (others)
  A dancing weapon (D)
  A spatial maelstrom (D)
  A deep elf mage (D)
  2 bat skeletons (D)
  A fire vortex (D)
  A lurking horror (D)
7 creatures vanquished.

Grand Total: 198 creatures vanquished

Notes
Turn   | Place    | Note
-------+----------+-------------------------------------------
     0 | D        | Found the +6 Majin-Bo {vamp, Archmagi MP+6 Int+6}
     0 | D        | Found the +7 great mace "Firestarter" {inner flame, rF++}
     0 | D        | Atelerd the Tengu Conjurer began the quest for the Orb.
     0 | D        | Reached XP level 1. HP: 10/10 MP: 4/4
     0 | D        | Found a blossoming altar of Fedhas.
     1 | D        | Found a deep blue altar of Sif Muna.
     1 | D        | Found a sacrificial altar of Ru.
     1 | D        | Found a bloodstained altar of Trog.
     1 | D        | Found a stormy altar of Qazlal.
     1 | D        | Found an iron altar of Okawaru.
     1 | D        | Found a sparkling altar of Nemelex Xobeh.
     3 | D        | Found a transporter.
     3 | D        | Found an ancient bone altar of Kikubaaqudgha.
     3 | D        | Found a viscous altar of Jiyva.
     3 | D        | Found a corrupted altar of Lugonu.
     3 | D        | Found a hazy altar of Hepliaklqana.
     3 | D        | Found a burning altar of Makhleb.
     3 | D        | Found an opulent altar of Gozag.
    25 | D        | Found the +9 heavy crossbow "Sniper" {velocity, Acc+∞ SInv}
    25 | D        | Found the +10 dark maul {crush}
    25 | D        | Found the +15 Maxwell's patent armour {-Cast -Tele rElec
                  | MR+ rCorr}
    25 | D        | Found the +18 shield of the Gong {rElec rN+ MR+ EV-5}
    25 | D        | Found the cursed +14 obsidian axe {chop, +Fly SInv *Curse}
    38 | D        | Banished a spatial maelstrom
    42 | D        | Found the +6 shillelagh "Devastator" {shatter}
    42 | D        | Found the +11 plutonium sword {*Contam Stlth-}
    42 | D        | Found the +8 lance "Wyrmbane" {slay drac, rPois rF+ rC+
                  | AC+3}
    42 | D        | Found the +9 sword of Zonguldrok {reap}
    42 | D        | Found the cursed +13 scythe of Curses {drain, *Curse}
    42 | D        | Found the +0 sword of Power
    42 | D        | Found the +7 mace of Variability {chain chaos}
    42 | D        | Found the +7 Singing Sword {slice, sonic wave}
    42 | D        | Found the +7 longbow "Piercer" {penet, EV-2}
    74 | D        | Became a worshipper of Makhleb the Destroyer
    75 | D        | Reached skill level 5 in Fighting
    75 | D        | Reached skill level 5 in Shields
    75 | D        | Reached XP level 2. HP: 21/21 MP: 6/6
    83 | D        | Entered arena 2.
    83 | D        | Found a transporter.
    87 | D        | Reached * piety under Makhleb
    87 | D        | Reached XP level 3. HP: 28/28 MP: 7/7
    98 | D        | Entered arena 3.
    98 | D        | Noticed a jumping spider
    98 | D        | Noticed a jumping spider
    98 | D        | Noticed a scorpion
    98 | D        | Found a transporter.
   100 | D        | Killed a jumping spider
   100 | D        | Reached skill level 10 in Fighting
   100 | D        | Reached XP level 4. HP: 37/37 MP: 8/8
   100 | D        | Gained mutation: You can fly continuously. [Tengu growth]
   100 | D        | Reached XP level 5. HP: 42/42 MP: 9/9
   101 | D        | Killed a jumping spider
   101 | D        | Reached ** piety under Makhleb
   101 | D        | Reached XP level 6. HP: 51/51 MP: 10/10
   106 | D        | Got the +2 shadow dragon scales of the Shoals {*Slow rF+
                  | Int+3 Stlth++++}
   111 | D        | Entered arena 4.
   111 | D        | Found a transporter.
   112 | D        | Reached skill level 1 in Axes
   112 | D        | Reached skill level 1 in Armour
   114 | D        | Reached skill level 2 in Armour
   127 | D        | Entered arena 5.
   127 | D        | Noticed a blink frog
   127 | D        | Noticed a swamp drake
   127 | D        | Noticed a purple ugly thing
   127 | D        | Found a transporter.
   129 | D        | Killed a blink frog
   129 | D        | Reached *** piety under Makhleb
   129 | D        | Reached skill level 3 in Armour
   129 | D        | Reached XP level 7. HP: 56/56 MP: 12/12
   130 | D        | Killed a purple ugly thing
   130 | D        | Reached skill level 4 in Armour
   132 | D        | Reached **** piety under Makhleb
   132 | D        | Reached XP level 8. HP: 57/62 MP: 12/15
   320 | D        | Entered arena 6.
   320 | D        | Noticed a tarantella
   320 | D        | Noticed a jumping spider
   320 | D        | Noticed a tarantella
   320 | D        | Noticed a tarantella
   320 | D        | Found a transporter.
   322 | D        | Killed a tarantella
   322 | D        | Reached skill level 5 in Armour
   323 | D        | Killed a tarantella
   324 | D        | Reached skill level 5 in Spellcasting
   326 | D        | Killed a tarantella
   326 | D        | Reached skill level 6 in Armour
   328 | D        | Killed a jumping spider
   328 | D        | Reached ***** piety under Makhleb
   334 | D        | Got the amulet "Vec Ufia" {*Drain +Rage rElec rC+++ Int-5}
   373 | D        | Entered arena 7.
   373 | D        | Noticed a merfolk
   373 | D        | Noticed a cyclops
   373 | D        | Noticed a merfolk
   373 | D        | Noticed a merfolk
   373 | D        | Noticed a hippogriff
   373 | D        | Noticed a merfolk
   375 | D        | Found a transporter.
   378 | D        | Killed a hippogriff
   378 | D        | Reached skill level 1 in Evocations
   378 | D        | Reached XP level 9. HP: 68/68 MP: 18/18
   383 | D        | Killed a merfolk
   383 | D        | Reached skill level 7 in Armour
   383 | D        | Killed a cyclops
   383 | D        | Killed a merfolk
   384 | D        | Killed a merfolk
   384 | D        | Reached skill level 8 in Armour
   386 | D        | Killed a merfolk
   389 | D        | Got Nubbi's Handbook of Companions and the Blaze
   392 | D        | Got the ring of Erhup {Dex+2 Stlth+}
   394 | D        | Got the +8 chain mail of the Wheelwright {Int+3}
   397 | D        | Got the ring "Merch" {rC+ Str+2 Int+4 SInv}
   486 | D        | Entered arena 8.
   487 | D        | Found a transporter.
   490 | D        | Reached ****** piety under Makhleb
   490 | D        | Reached skill level 5 in Evocations
   505 | D        | Entered arena 9.
   505 | D        | Noticed a cyclops
   505 | D        | Noticed a centaur warrior
   505 | D        | Noticed a yaktaur
   507 | D        | Found a transporter.
   507 | D        | Killed a yaktaur
   507 | D        | Reached skill level 10 in Axes
   507 | D        | Reached skill level 9 in Armour
   511 | D        | Killed a centaur warrior
   511 | D        | Reached skill level 1 in Invocations
   511 | D        | Reached XP level 10. HP: 67/73 MP: 19/21
   511 | D        | Killed a cyclops
   515 | D        | Got the cursed ring "Wopoolec" {+Blink +Inv rPois Int-4}
   524 | D        | Entered arena 10.
   524 | D        | Noticed a sixfirhy
   525 | D        | Found a transporter.
   528 | D        | Killed a sixfirhy
   531 | D        | Reached skill level 10 in Armour
   541 | D        | Got the Catalogue of Twisted Creation
   548 | D        | Got the +7 hand crossbow of Qeops {venom, rElec Str+4
                  | Dex+4}
   552 | D        | Entered arena 11.
   553 | D        | Found the +7 lajatang of Order {silver, rMut}
   553 | D        | Found a transporter.
   585 | D        | Learned a level 7 spell: Summon Hydra
   674 | D        | Entered arena 12.
   674 | D        | Noticed a vault guard
   674 | D        | Noticed a vault guard
   674 | D        | Noticed a vault guard
   674 | D        | Noticed a stone giant
   674 | D        | Noticed a yaktaur captain
   674 | D        | Noticed a vault guard
   674 | D        | Noticed a vault guard
   674 | D        | Noticed a shadow dragon
   675 | D        | Noticed a cacodemon
   675 | D        | Noticed a vault guard
   687 | D        | Killed a vault guard
   690 | D        | Killed a vault guard
   690 | D        | Killed a vault guard
   690 | D        | Reached skill level 11 in Armour
   690 | D        | Reached XP level 11. HP: 80/80 MP: 21/23
   693 | D        | Killed a shadow dragon
   693 | D        | Reached skill level 10 in Shields
   693 | D        | Killed a vault guard
   695 | D        | Killed a yaktaur captain
   697 | D        | Killed a stone giant
   697 | D        | Reached skill level 12 in Armour
   697 | D        | Reached skill level 5 in Invocations
   698 | D        | Killed a vault guard
   698 | D        | Reached skill level 10 in Evocations
   699 | D        | Killed a vault guard
   702 | D        | Found a transporter.
   750 | D        | Entered arena 13.
   750 | D        | Noticed a reaper
   750 | D        | Noticed a skeletal warrior
   750 | D        | Noticed a reaper
   751 | D        | Found the +8 orange crystal plate armour {Archmagi, Int+3
                  | Clar}
   755 | D        | Found a transporter.
   761 | D        | Killed a skeletal warrior
   764 | D        | Reached XP level 12. HP: 74/86 MP: 25/25
   767 | D        | Killed a reaper
   767 | D        | Reached skill level 13 in Armour
   772 | D        | Killed a reaper
   772 | D        | Reached skill level 10 in Summonings
   780 | D        | Got the Catalogue of Intoxication and Boosts
   791 | D        | Got the ring "Qyuzi" {+Blink rC+}
   795 | D        | Got the ring of Boeceo Buew {*Drain rC++ SInv Stlth+}
   817 | D        | Entered arena 14.
   818 | D        | Noticed a deep elf knight
   819 | D        | Found the +2 pair of boots of the Assassin {Detection Stab+
                  | Stlth++}
   819 | D        | Noticed a deep elf annihilator
   819 | D        | Noticed a deep elf blademaster
   819 | D        | Noticed a deep elf blademaster
   819 | D        | Noticed a deep elf blademaster
   819 | D        | Noticed a deep elf annihilator
   820 | D        | Found a transporter.
   832 | D        | Killed a deep elf annihilator
   834 | D        | Killed a deep elf blademaster
   835 | D        | Killed a deep elf blademaster
   835 | D        | Reached skill level 15 in Fighting
   835 | D        | Reached skill level 14 in Armour
   836 | D        | Killed a deep elf blademaster
   837 | D        | Killed a deep elf annihilator
   839 | D        | Reached skill level 10 in Spellcasting
   843 | D        | Killed a deep elf knight
   850 | D        | Reached XP level 13. HP: 91/92 MP: 28/28
   868 | D        | Got the Grimoire of the Lethal Frostbite
   919 | D        | Learned a level 6 spell: Deflect Missiles
   920 | D        | Entered arena 15.
   922 | D        | Noticed a ghoul
   942 | D        | Killed a ghoul
   942 | D        | Reached skill level 15 in Armour
   944 | D        | Found a transporter.
  1032 | D        | Entered arena 16.
  1032 | D        | Identified the amulet of Doubts {RegenMP rF+ rN+ Str-5}
  1032 | D        | Noticed a starcursed mass
  1037 | D        | Found the +10 Black Knight's horse barding {ponderous,
                  | rPois rN+}
  1037 | D        | Paralysed by accursed screaming for 1 turns
  1046 | D        | Found a transporter.
  1049 | D        | Killed a starcursed mass
  1061 | D        | Gained mutation: You are frail. (-10% HP) [mutagenic glow]
  1083 | D        | Entered arena 17.
  1086 | D        | Noticed a reaper
  1087 | D        | Noticed a reaper
  1088 | D        | Found a transporter.
  1096 | D        | Gained mutation: You are dopey. (Int -2) [mutagenic glow]
  1105 | D        | Reached skill level 16 in Armour
  1107 | D        | Killed a reaper
  1107 | D        | Reached skill level 10 in Invocations
  1111 | D        | Killed a reaper
  1151 | D        | Entered arena 18.
  1154 | D        | Noticed a black draconian
  1154 | D        | Noticed a yellow draconian
  1154 | D        | Noticed a death cob
  1154 | D        | Noticed a purple draconian
  1154 | D        | Noticed a death cob
  1154 | D        | Noticed a green draconian
  1154 | D        | Noticed a green draconian
  1154 | D        | Noticed a red draconian
  1154 | D        | Noticed a white draconian
  1154 | D        | Noticed a white draconian
  1154 | D        | Noticed a shadow dragon
  1154 | D        | Noticed a green draconian
  1154 | D        | Noticed a purple draconian
  1154 | D        | Noticed a green draconian
  1154 | D        | Noticed a purple draconian
  1155 | D        | Noticed a purple draconian
  1155 | D        | Noticed a green draconian
  1157 | D        | Noticed a red draconian
  1159 | D        | Killed a death cob
  1162 | D        | Killed a death cob
  1162 | D        | Reached skill level 17 in Armour
  1162 | D        | Killed a green draconian
  1168 | D        | Killed a green draconian
  1168 | D        | Killed a green draconian
  1170 | D        | Killed a red draconian
  1172 | D        | Killed a purple draconian
  1172 | D        | Reached skill level 15 in Summonings
  1172 | D        | Killed a red draconian
  1172 | D        | Reached skill level 18 in Armour
  1172 | D        | Reached XP level 14. HP: 90/90 MP: 30/30
  1174 | D        | Gained mutation: Scrolls take you a little longer to read.
                  | [mutagenic glow]
  1175 | D        | Killed a purple draconian
  1175 | D        | Killed a white draconian
  1179 | D        | Killed a green draconian
  1179 | D        | Killed a shadow dragon
  1179 | D        | Killed a purple draconian
  1181 | D        | Killed a purple draconian
  1183 | D        | Killed a black draconian
  1183 | D        | Reached skill level 19 in Armour
  1184 | D        | Killed a yellow draconian
  1185 | D        | Killed a green draconian
  1187 | D        | Killed a white draconian
  1188 | D        | Found a transporter.
  1330 | D        | Entered arena 19.
  1333 | D        | Noticed a white draconian
  1333 | D        | Noticed a purple draconian
  1333 | D        | Noticed a yellow draconian
  1333 | D        | Noticed a black draconian
  1333 | D        | Noticed a green draconian
  1333 | D        | Noticed a green draconian
  1333 | D        | Noticed a white draconian
  1333 | D        | Noticed a black draconian
  1333 | D        | Noticed a purple draconian
  1333 | D        | Noticed a black draconian
  1333 | D        | Noticed a yellow draconian
  1333 | D        | Noticed a white draconian
  1333 | D        | Noticed a white draconian
  1334 | D        | Identified the +4 scimitar of Onaop {pain, Dex+3}
  1334 | D        | Identified the +7 spear of Orif {elec, +Blink}
  1334 | D        | Noticed a black draconian
  1334 | D        | Identified the cursed +0 rapier of Omefep {pain, rC- Int+3
                  | Dex+4 Stlth+}
  1334 | D        | Noticed a yellow draconian
  1334 | D        | Noticed a white draconian
  1334 | D        | Noticed a black draconian annihilator
  1335 | D        | Noticed a purple draconian
  1336 | D        | Noticed a green draconian
  1336 | D        | Noticed a yellow draconian
  1343 | D        | Killed a black draconian
  1346 | D        | Killed a purple draconian
  1347 | D        | Killed a purple draconian
  1348 | D        | Killed a yellow draconian
  1349 | D        | Killed a white draconian
  1352 | D        | Killed a black draconian annihilator
  1352 | D        | Killed a purple draconian
  1352 | D        | Reached skill level 15 in Axes
  1354 | D        | Killed a yellow draconian
  1356 | D        | Killed a black draconian
  1358 | D        | Killed a yellow draconian
  1359 | D        | Killed a yellow draconian
  1360 | D        | Killed a green draconian
  1363 | D        | Killed a green draconian
  1363 | D        | Reached skill level 20 in Armour
  1367 | D        | Killed a white draconian
  1371 | D        | Killed a white draconian
  1372 | D        | Killed a white draconian
  1374 | D        | Found a transporter.
  1377 | D        | Killed a white draconian
  1384 | D        | Killed a black draconian
  1384 | D        | Reached XP level 15. HP: 71/96 MP: 32/32
  1579 | D        | Entered arena 20.
  1587 | D        | Found a transporter.
  1618 | D        | Got Xyfiduse's Disquisition on Contamination and
                  | Enchantment
  1657 | D        | Entered arena 21.
  1662 | D        | Noticed an orb of fire
  1662 | D        | Noticed a balrug
  1663 | D        | Noticed a balrug
  1663 | D        | Noticed a balrug
  1663 | D        | Noticed a balrug
  1663 | D        | Noticed a fire giant
  1664 | D        | Noticed a balrug
  1670 | D        | Gained mutation: You are very dopey. (Int -4) [an orb of
                  | fire]
  1671 | D        | HP: 2/144 [orb of fire/fireball (44)]
  1672 | D        | Killed from afar by a balrug

Skill      XL: |  1  2  3  4  5  6  7  8  9 10 11 12 13 14 15 |
---------------+----------------------------------------------+-----
Fighting       | 5 6 10 11 12 13 14 15 16 17 | 17.2
Shields        | 5 6 8 9 10 11 12 14 | 14.3
Axes           | 4 6 9 10 11 12 14 15 | 15.6
Armour         | 3 4 6 9 11 12 14 18 20 | 20.5
Spellcasting   | 3 4 5 6 7 8 10 11 12 | 12.7
Evocations     | 1 6 8 10 11 | 11.0
Invocations    | 1 3 5 8 11 13 | 13.9
Summonings     | 4 9 12 15 17 18 | 18.1
Dodging        | |  2.1
Stealth        | |  2.0
Conjurations   | |  5.3

Action                   |  1- 3 |  4- 6 |  7- 9 | 10-12 | 13-15 || total
-------------------------+-------+-------+-------+-------+-------++-------
Melee: Broad axe         |     4 |     3 |    21 |    66 |   150 ||   244
       Kick              |       |       |     6 |    21 |    59 ||    86
       Peck              |       |       |     2 |    11 |    41 ||    54
Invok: Lesser Servant of |       |       |     1 |     4 |       ||     5
       Greater Servant o |       |       |       |     1 |     7 ||     8
       Major Destruction |       |       |       |     1 |       ||     1
 Abil: Evoke Berserk Rag |       |       |       |     2 |     4 ||     6
       Evoke Invisibilit |       |       |       |     1 |     7 ||     8
Evoke: Wand              |       |       |     2 |       |       ||     2
  Use: Potion            |     1 |       |       |     4 |     7 ||    12
 Stab: Distracted        |       |       |     1 |     4 |     5 ||    10
       Invisible         |       |       |       |     8 |    15 ||    23
  Eat: Chunk             |       |       |       |     1 |     5 ||     6
       Ration            |       |       |       |       |     2 ||     2
Armor: Plate armour      |       |       |    18 |    27 |       ||    45
       Crystal plate arm |       |       |       |    14 |   129 ||   143
Dodge: Dodged            |       |       |       |     3 |     9 ||    12
Block: Shield            |     4 |     5 |    76 |   117 |   318 ||   520
